 Dungeon Crawl Stone Soup version 0.29.0-7-g18a832c13a (webtiles) character file.

Game seed: 2919254918491395297

72 SensoryNuts the Trooper (level 4, 0/35 HPs)
             Began as a Demonspawn Fighter on Aug 30, 2022.
             Slain by a gnoll
             ... wielding a +0 spear
              (3 damage)
             ... on level 2 of the Dungeon.
             The game lasted 00:01:30 (1454 turns).

SensoryNuts the Trooper (Demonspawn Fighter)        Turns: 1454, Time: 00:01:31

Health: 0/35       AC:  6    Str: 18    XL:     4   Next: 6%
Magic:  4/4        EV:  9    Int:  9    God:
Gold:   95         SH:  8    Dex: 13    Spells: 3/3 levels left

rFire   . . .      SeeInvis .   a - +0 war axe
rCold   . . .      Faith    .   c - +0 buckler
rNeg    . . .      Spirit   .   b - +0 scale mail
rPois   .          Reflect  .   (no helmet)
rElec   .          Harm     .   (no cloak)
rCorr   .          Rampage  .   (no gloves)
Will    .....                   (no boots)
Stlth   ..........              (no amulet)
HPRegen 0.11/turn               (no ring)
MPRegen 0.09/turn               (no ring)

@: no status effects
A: foul stench 1, condensation shield
a: no special abilities


You were on level 2 of the Dungeon.
You visited 1 branch of the dungeon, and saw 2 of its levels.

You collected 95 gold pieces.

Inventory:

Hand Weapons
 a - a +0 war axe (weapon)
Armour
 b - a +0 scale mail (worn)
 c - a +0 buckler (worn)
Scrolls
 f - a scroll of amnesia {unknown}
 k - a scroll of teleportation
 l - a scroll of identify
Potions
 d - a potion of might
 e - a potion of ambrosia
 g - 2 potions of magic
 h - a potion of berserk rage {unknown}
 i - 2 potions of curing {unknown}
 j - a potion of brilliance {unknown}


   Skills:
 + Level 3.4 Fighting
 * Level 3.0 Axes
 + Level 3.0 Armour
 + Level 0.3 Dodging
 + Level 2.8 Shields


You had 3 spell levels left.
You didn't know any spells.
Your spell library contained the following spells:

 Spells                   Type           Power      Damage    Failure   Level
 Foxfire                  Conj/Fire      0%         2x1d4     86%         1
 Conjure Flame            Conj/Fire      0%         6-21      99%         3
 Inner Flame              Hex/Fire       0%         N/A       99%         3
 Flame Wave               Conj/Fire      0%         2d4       100%        4


Dungeon Overview and Level Annotations

Branches:
Dungeon (2/15)

Altars:

Shops:
D:1 [


Innate Abilities, Weirdness & Mutations

You may rarely emit foul miasma when damaged in melee.
A meltable shield of frost defends you. (SH +4)


Message History

A gnoll comes into view. It is wielding a +0 halberd.
Found 8 stones, 13 gold pieces and a shiny gold wand.
There are monsters nearby!
There are monsters nearby!
The gnoll shouts!
There is an open door here.
The giant cockroach waves its antennae.
You block the giant cockroach's attack.
The giant cockroach attacks as you move away!
The giant cockroach bites you but does no damage.
The giant cockroach attacks as you move away!
The giant cockroach bites you but does no damage.
You hit the giant cockroach.
The giant cockroach is severely wounded.
The giant cockroach bites you but does no damage.
You block the giant cockroach's attack.
You hit the giant cockroach.
The giant cockroach is almost dead.
You block the gnoll's attack. You block the giant cockroach's attack.
The gnoll hits you but does no damage.
The giant cockroach bites you but does no damage.
You slash the giant cockroach!
You kill the giant cockroach!
The gnoll hits you from afar with a +0 spear.
You block the gnoll's attack.
You swing at nothing.
The gnoll hits you from afar with a +0 spear.
The gnoll misses you. The gnoll completely misses you.
The gnoll hits you from afar with a +0 halberd.
You swing at nothing.
The gnoll barely misses you. x2
You block the gnoll's attack.
The gnoll hits you from afar with a +0 halberd!
You barely miss the gnoll. You block the gnoll's attack.
The gnoll hits you from afar with a +0 halberd!
* * * LOW HITPOINT WARNING * * *
You completely miss the gnoll. You block the gnoll's attack.
The gnoll hits you from afar with a +0 halberd!
* * * LOW HITPOINT WARNING * * *
The gnoll hits you with a +0 spear.
You die...

##.....##...##./..$#
#.......#...#.$.....
#..[..†.'...'....(.. ##
#.......#..g#....... #.
##.....##g..##g....# #.
##...##g...###...## #.
######.####.####### #.
###.###g####).#....# #.
........g@.[.......# ##
###.########.....<.# #.
#..........########( .#
#..........###...... #.#
#..............##### #.#
#..........#...#####
#.##.#####...................
#..........÷.................
#.##.#####.†.................


You could see 2 gnolls.

Vanquished Creatures
  3 adders (D:2)
  A worm (D:2)
  2 bats (D:1)
  3 endoplasms (D:1)
  2 giant cockroaches (D:2)
  4 goblins (D:1)
  4 hobgoblins
  2 jackals (D:1)
  A quokka (D:1)
  7 ball pythons
  2 frilled lizards
  6 kobolds
  A rat (D:1)
38 creatures vanquished.

Notes
Turn   | Place    | Note
-------+----------+-------------------------------------------
     0 | D:1      | SensoryNuts the Demonspawn Fighter began the quest for the
                  | Orb.
     0 | D:1      | Reached XP level 1. HP: 18/18 MP: 1/1
    86 | D:1      | Found Quykap's Armour Shoppe.
   370 | D:1      | Gained mutation: You may rarely emit foul miasma when
                  | damaged in melee. [demonic ancestry]
   370 | D:1      | Reached XP level 2. HP: 19/24 MP: 2/2
   761 | D:1      | Gained mutation: A meltable shield of frost defends you.
                  | (SH +4) [demonic ancestry]
   761 | D:1      | Reached XP level 3. HP: 29/29 MP: 3/3
  1428 | D:2      | Reached XP level 4. HP: 35/35 MP: 4/4
  1454 | D:2      | Slain by a gnoll

Illustrated notes

Levels and vault maps discovered:
D:1:      amcnicky_arrival_double_pillar, layout_basic, serial_shops, shop
D:2:      kennysheep_six_static_rooms, layout_rooms

Skill      XL: |  1  2  3 |
---------------+----------+-----
Axes           | 2 3 |  3.0
Armour         | 3 |  3.0
Fighting       | |  3.4
Dodging        | |  0.3
Shields        | |  2.8

Action                   |  1- 3 |  4- 6 || total
-------------------------+-------+-------++-------
Melee: War axe           |   119 |     5 ||   124
  Use: Scroll            |     4 |       ||     4
Armor: Scale mail        |    63 |     5 ||    68
Dodge: Dodged            |    65 |     4 ||    69
Block: Buckler           |    49 |     8 ||    57
